 Dungeon Sprint DCSS version 0.15-a0-1206-g3bad1a6 (webtiles) character file.

700000 Infinimo the Executioner (level 11, -32/72 HPs)
             Began as a Formicid Warper on June 1, 2014.
             Was an Initiate of Makhleb.
             Annihilated by a bag of meat
             ... wielding a +9,+9 war axe
              (36 damage)
             ... in the Dungeon (Sprint VIII: "Arena of Blood").
             The game lasted 00:00:19 (7 turns).

Infinimo the Executioner (Formicid Warper)             Turns: 7, Time: 00:00:19

HP -32/72        AC  3     Str 16      XL: 11   Next: 94%
MP  20/20        EV 11     Int 13      God: Makhleb [......]
Gold 0           SH  0     Dex 13      Spells:  1 memorised, 13 levels left

rFire  . . .     SeeInvis +     d - +∞ Axe of Woe
rCold  . . .     Clarity  .     b - +0 leather armour
rNeg   . . .     rCorr    .     (no shield)
rPois  .         rRot     .     (helmet unavailable)
rElec  .         Spirit   .     (no cloak)
SustAb .         Warding  .     (no gloves)
rMut   .         Stasis   +     (no boots)
Gourm  .                        (no amulet)
MR     +....                    (no ring)
                                (no ring)

@: somewhat resistant to hostile enchantments, very unstealthy
A: permanent stasis, dig shafts and tunnels, four strong arms, antennae 3
a: Dig, Renounce Religion


You were in the Dungeon.
You worshipped Makhleb.
Makhleb was noncommittal.
You were not hungry.

You visited 1 branch

Inventory:

Hand weapons
 a - a +0,+0 hand axe
 d - the +∞,+∞ Axe of Woe (weapon)
   (You found it in the Dungeon)
Missiles
 e - 5 tomahawks (quivered)
Armour
 b - a +0 leather armour (worn)
Comestibles
 f - a bread ration
Potions
 g - a potion of curing
 h - a potion of heal wounds
 j - 2 potions of magic
Books
 c - a book of Spatial Translocations

   Spells                             Type                      Level
   *Apportation                       Translocation                1
   Blink                              Translocation                2
   Shroud of Golubria                 Charms/Translocation         2
   Portal Projectile                  Translocation                3
   Teleport Other                     Translocation                3
   Passage of Golubria                Translocation                4


   Skills:
 - Level 2.1 Fighting
 + Level 24.8 Axes
 - Level 0.7 Throwing
 - Level 1.1 Armour
 - Level 1.7 Dodging
 - Level 2.1 Spellcasting
 - Level 2.6 Translocations


You had 13 spell levels left.
You knew the following spells:

 Your Spells              Type           Power        Failure   Level  Hunger
a - Apportation           Tloc           #.........   10%         1    ##.....


Dungeon Overview and Level Annotations

Branches:
Dungeon (1/1)

Altars:
Makhleb


Innate Abilities, Weirdness & Mutations

Your are under a permanent stasis effect.
You can dig through walls and to a lower floor.
Your four strong arms can wield two-handed weapons with a shield.
You have a pair of large antennae on your head (SInv).


Message History

You have reached level 6!
Your experience leads to an increase in your attributes!
Increase (S)trength, (I)ntelligence, or (D)exterity?
You feel agile.
You have reached level 7!
You have reached level 8!
You feel clever.
You have reached level 9!
Your experience leads to an increase in your attributes!
Increase (S)trength, (I)ntelligence, or (D)exterity?
You feel agile.
You have reached level 10!
You have reached level 11!
You hear a shout! x6
The meat berserker appears out of thin air!
A meat berserker comes into view. It is wielding a +9,+9 battleaxe.
You hear a shout! x7
The bag of meat hits you with a +9,+9 war axe!!!
Ouch! That really hurt!
You die...

.. ..... #. ...#
#.. ...# .###..
...###..
......###......
......_..O.. {
#....o# #_.<._#
#....@#
......_.o........
......###........
.###.. ...###O..
#.. ...# .O #.
....# .. .....
.O.... ...


You could see 4 meat berserkers and 2 bags of meat.

Vanquished Creatures
  An orc (D)
1 creature vanquished.

Notes
Turn   | Place    | Note
--------------------------------------------------------------
     0 | D        | Infinimo, the Formicid Warper, began the quest for the Orb.
     0 | D        | Reached XP level 1. HP: 16/16 MP: 3/3
     2 | D        | Noticed a bag of meat
     2 | D        | Noticed a bag of meat
     2 | D        | Noticed a bag of meat
     3 | D        | Became a worshipper of Makhleb the Destroyer
     7 | D        | Killed a bag of meat
     7 | D        | Reached skill level 24 in Axes
     7 | D        | Reached XP level 2. HP: 4/22 MP: 5/5
     7 | D        | Reached XP level 3. HP: 4/27 MP: 7/7
     7 | D        | Reached XP level 4. HP: 4/33 MP: 8/8
     7 | D        | Reached XP level 5. HP: 4/38 MP: 11/11
     7 | D        | Reached XP level 6. HP: 4/44 MP: 12/12
     7 | D        | Reached XP level 7. HP: 4/50 MP: 14/14
     7 | D        | Reached XP level 8. HP: 4/56 MP: 16/16
     7 | D        | Reached XP level 9. HP: 4/61 MP: 18/18
     7 | D        | Reached XP level 10. HP: 4/67 MP: 18/18
     7 | D        | Reached XP level 11. HP: 4/72 MP: 20/20
     7 | D        | Annihilated by a bag of meat

Action                   |  1- 3 |  4- 6 |  7- 9 | 10-12 || total
-------------------------+-------+-------+-------+-------++-------
Melee: Hand axe          |     1 |       |       |       ||     1
       Executioner's axe |     1 |       |       |       ||     1
